 Dungeon Crawl Stone Soup version 0.28-a0-1435-g82390b3a13 (webtiles) character file.

Game seed: 8776679278468284657

5287 knot the Cleaver (level 10, -2/74 HPs)
             Began as a Demonspawn Berserker on Jan 10, 2022.
             Was a Follower of Trog.
             Killed from afar by an electric eel (13 damage)
             ... with a bolt of electricity
             ... on level 8 of the Dungeon.
             The game lasted 00:17:58 (9505 turns).

knot the Cleaver (Demonspawn Berserker)             Turns: 9505, Time: 00:17:59

Health: -2/74      AC:  7    Str: 17    XL:     10   Next: 37%
Magic:  10/10      EV: 11    Int: 20    God:    Trog [*.....]
Gold:   321        SH:  0    Dex: 12    Spells: 9/9 levels left

rFire   + . .      SeeInvis +   h - +0 broad axe
rCold   . . .      Faith    .   (no shield)
rNeg    . . .      Spirit   .   u - +1 leather armour of Ehedebua {rF+ Int+6 Slay+4}
rPois   .          Reflect  .   (no helmet)
rElec   .          Harm     .   q - scarf {+Inv}
rCorr   .          Rampage  .   (no gloves)
Will    .....                   (no boots)
Stlth   +.........              (no amulet)
HPRegen 0.22/turn               y - ring of see invisible
MPRegen 0.12/turn               (no ring)

@: no status effects
A: rugged brown scales 3, powered by death 2, spiny 1, bedeviling, demonic touch
1
a: Renounce Religion, Evoke Invisibility, Berserk


You were on level 8 of the Dungeon.
You worshipped Trog.
Trog was aware of your devotion.
You visited 2 branches of the dungeon, and saw 9 of its levels.

You collected 321 gold pieces.

Inventory:

Hand Weapons
 h - a +0 broad axe (weapon)
 v - a +1 short sword of venom
Missiles
 b - 322 stones
 i - 11 poisoned darts (quivered)
 n - 6 silver javelins
 B - 4 boomerangs
 C - 25 sling bullets
Armour
 q - a scarf of invisibility (worn)
 u - the +1 leather armour of Ehedebua (worn) {rF+ Int+6 Slay+4}
   (You found it on level 4 of the Dungeon)

   Int:       It affects your intelligence (+6).
   Slay:      It affects your accuracy & damage with ranged weapons and melee
   (+4).
   rF:        It protects you from fire.
Jewellery
 f - a ring of fire
 o - a +6 ring of intelligence
 y - a ring of see invisible (left hand)
Wands
 e - a wand of paralysis (17)
 p - a wand of iceblast (9)
 t - a wand of charming (11)
 A - a wand of digging (6)
Scrolls
 a - a scroll of enchant weapon {unknown}
 c - a scroll of immolation
 d - a scroll of vulnerability
 j - 3 scrolls of fear
 k - a scroll of magic mapping
 m - a scroll of silence
 s - a scroll of amnesia
 z - a scroll of blinking
 D - a scroll of identify
Potions
 g - a potion of heal wounds
 l - 3 potions of curing
 r - 3 potions of ambrosia {unknown}
 w - a potion of might {unknown}
 x - a potion of mutation {unknown}
 E - a potion of haste


   Skills:
 - Level 3.0 Fighting
 * Level 11.6 Axes
 * Level 8.6 Throwing
 - Level 1.7 Armour
 - Level 1.7 Dodging


You had 9 spell levels left.
You didn't know any spells.
Your spell library contained the following spells:

 Spells                   Type           Power      Damage    Failure   Level
 Apportation              Tloc           0%         N/A       22%         1
 Alistair's Intoxication  Tmut/Pois      0%         N/A       99%         5


Dungeon Overview and Level Annotations

Branches:
Dungeon (8/15)             Temple (1/1) D:7
   Lair: D:8-11

Altars:
Ashenzari
Cheibriados
Dithmenos
Elyvilon
Fedhas
Gozag
Hepliaklqana
Kikubaaqudgha
Makhleb
Nemelex Xobeh
Okawaru
Qazlal
Ru
Sif Muna
Trog
Uskayaw
Vehumet
Wu Jian
Xom
Yredelemnul
The Shining One

Shops:
D:4 =


Innate Abilities, Weirdness & Mutations

You are completely covered in rugged brown scales. (AC +3, +7% HP)
You regenerate health from kills.
You are partially covered in sharp spines.
Your hexes are more powerful.
Your touch may inflict minor irresistible damage on your foes.


Message History

HP restored.
Things that are here:
a +0 falchion; a +0 robe An electric eel comes into view.
An electric eel is nearby!
You enter the shallow water.
Moving in this stuff is going to be slow.
Found a stone staircase leading down.
The electric eel shoots out a bolt of lightning at you!
The bolt of electricity hits the plant!
The plant begins to die.
The bolt of electricity hits the plant!
The plant begins to die.
The bolt of electricity hits you.
The electric eel shoots out a bolt of lightning at you!
The bolt of electricity hits the plant!
The plant begins to die.
The bolt of electricity misses you.
You see here a potion of curing.
l - 3 potions of curing (gained 1)
The electric eel shoots out a bolt of lightning at you!
The bolt of electricity hits the plant!
The bolt of electricity hits you!
A nearby plant withers and dies. x2
The electric eel shoots out a bolt of lightning at you!
The bolt of electricity hits you! x2
A nearby plant withers and dies.
You barely miss the electric eel. You slash the plant!
The plant begins to die.
You slash the plant!
The plant begins to die.
You hit the plant.
The plant begins to die.
You fail to use your ability.
The electric eel shoots out a bolt of lightning at you!
The bolt of electricity hits you! x2
* * * LOW HITPOINT WARNING * * *
Okay, then.
You hit the electric eel. Your touch misses the electric eel.
The electric eel is lightly wounded.
You hit the plant but do no damage. You slash the plant! x2
A nearby plant withers and dies.
The electric eel shoots out a bolt of lightning at you!
The bolt of electricity hits you!
* * * LOW HITPOINT WARNING * * *
The bolt of electricity hits you!
You die...

# .. ## .># #. #.# #.
#### #.# #.# ##.#.
#####.# #.# ##.)#[
#.....# #.###..['.
##.....###.##..))#)
##P@≈.......#.....#.
#.PS.≈.≈≈##.#....###
#P≈≈♣♣≈≈≈.P#.'...###.
#P≈≈ ♣♣♣≈≈...#..###..
#P≈♣ ♣≈≈P#.#.###...
#.P ♣♣♣♣≈.).####....
#.≈ ♣≈≈≈≈.#.###.....
##.PP≈≈≈≈..#..####'##
##PPP≈#...........


You could see an electric eel.

Vanquished Creatures
  A manticore (D:8)
  A cyclops (D:8)
  A troll (D:6)
  Grinder (D:3)
  Sigmund (D:5)
  8 yaks
  3 wyverns
  A wraith (D:6)
  A steam dragon (D:6)
  3 orc warriors
  An ice beast (D:6)
  2 centaurs
  2 phantoms
  A bullfrog (D:7)
  2 scorpions
  10 wights
  2 howler monkeys
  5 electric eels
  A jelly (D:8)
  A hound (D:4)
  4 orc priests
  Ijyb (D:3)
  2 iguanas
  6 orc wizards
  A howler monkey skeleton (D:7)
  4 gnolls (D:2)
  9 adders
  A shadow imp (D:5)
  An ufetubus (D:5)
  An adder skeleton (D:4)
  3 worms
  3 dart slugs
  11 orcs
  4 bats
  6 endoplasms
  A giant cockroach (D:3)
  3 goblins
  4 hobgoblins
  3 jackals (D:1)
  2 quokkas
  9 ball pythons
  2 frilled lizards
  7 kobolds
  5 rats
141 creatures vanquished.

Vanquished Creatures (others)
  2 yaks (D:6)
  69 plants
71 creatures vanquished.

Grand Total: 212 creatures vanquished

Notes
Turn   | Place    | Note
-------+----------+-------------------------------------------
     0 | D:1      | knot the Demonspawn Berserker began the quest for the Orb.
     0 | D:1      | Reached XP level 1. HP: 18/18 MP: 1/1
    40 | D:1      | Reached skill level 3 in Axes
   170 | D:1      | Found a faded altar of an unknown god.
   181 | D:1      | Gained mutation: You regenerate a little health from kills.
                  | [demonic ancestry]
   181 | D:1      | Reached XP level 2. HP: 17/24 MP: 2/2
  1010 | D:2      | Gained mutation: You are partially covered in rugged brown
                  | scales. (AC +1, +3% HP) [demonic ancestry]
  1010 | D:2      | Reached XP level 3. HP: 16/29 MP: 3/3
  1018 | D:2      | Reached skill level 4 in Axes
  1496 | D:2      | Reached ** piety under Trog
  1628 | D:2      | Gained mutation: You are mostly covered in rugged brown
                  | scales. (AC +2, +5% HP) [demonic ancestry]
  1628 | D:2      | Reached XP level 4. HP: 18/36 MP: 4/4
  2256 | D:2      | Reached skill level 5 in Axes
  2282 | D:3      | Noticed Grinder
  2300 | D:3      | Killed Grinder
  2301 | D:3      | Reached skill level 6 in Axes
  2301 | D:3      | Reached XP level 5. HP: 43/43 MP: 5/5
  2301 | D:3      | Gained mutation: You regenerate health from kills. [demonic
                  | ancestry]
  2301 | D:3      | Reached XP level 6. HP: 49/49 MP: 6/6
  2737 | D:3      | Found a hide-covered altar of Uskayaw.
  3061 | D:3      | Noticed Ijyb
  3072 | D:3      | Killed Ijyb
  3477 | D:4      | Reached skill level 7 in Axes
  3606 | D:4      | Gained mutation: You are completely covered in rugged brown
                  | scales. (AC +3, +7% HP) [demonic ancestry]
  3606 | D:4      | Reached XP level 7. HP: 49/55 MP: 7/7
  3822 | D:4      | Identified the +1 leather armour of Ehedebua {rF+ Int+6
                  | Slay+4}
  3840 | D:4      | Found Tafa Dum's Jewellery Shop.
  4480 | D:5      | Entered Level 5 of the Dungeon
  4879 | D:5      | Reached skill level 1 in Throwing
  5011 | D:5      | Reached skill level 8 in Axes
  5325 | D:5      | Noticed Sigmund
  5328 | D:5      | Killed Sigmund
  5613 | D:5      | You fall into a shaft and drop 1 floor!
  5613 | D:6      | Noticed a yak
  5613 | D:6      | Noticed a yak
  5613 | D:6      | Noticed a yak
  5613 | D:6      | Noticed a yak
  5613 | D:6      | Noticed a yak
  5697 | D:6      | Killed a yak
  5698 | D:6      | Gained mutation: Your touch may inflict minor irresistible
                  | damage on your foes. [demonic ancestry]
  5698 | D:6      | Reached XP level 8. HP: 62/62 MP: 8/8
  6019 | D:6      | Reached skill level 9 in Axes
  6322 | D:6      | Noticed a troll
  6334 | D:6      | Killed a troll
  6335 | D:6      | Reached skill level 5 in Throwing
  6427 | D:6      | Gained mutation: Your hexes are more powerful. [demonic
                  | ancestry]
  6427 | D:6      | Reached XP level 9. HP: 67/67 MP: 9/9
  6842 | D:7      | Reached skill level 10 in Axes
  7153 | D:7      | Found a staircase to the Ecumenical Temple.
  7542 | Temple   | Entered the Ecumenical Temple
  7672 | D:7      | Found a sacrificial altar of Ru.
  8145 | D:7      | Found a snail-covered altar of Cheibriados.
  8145 | D:7      | Found a radiant altar of Vehumet.
  8150 | D:7      | Found a shadowy altar of Dithmenos.
  8153 | D:7      | Found a blossoming altar of Fedhas.
  8159 | D:7      | Found a bloodstained altar of Trog.
  8161 | D:7      | Found a shimmering blue altar of Sif Muna.
  8376 | D:8      | Reached skill level 11 in Axes
  8397 | D:8      | Noticed a manticore
  8678 | D:8      | Gained mutation: You are partially covered in sharp spines.
                  | [demonic ancestry]
  8678 | D:8      | Reached XP level 10. HP: 68/74 MP: 10/10
  8910 | D:8      | Noticed a cyclops
  8928 | D:8      | Killed a cyclops
  9076 | D:8      | Killed a manticore
  9505 | D:8      | Killed from afar by an electric eel

Illustrated notes

Levels and vault maps discovered:
D:1:      tarquinn_simple_flora_water_a, layout_basic,
          hellmonk_ecumenical_altar_arch_garden
D:2:      minmay_spotlight, layout_basic, corexii_item_surrounded_by_moat
D:3:      layout_loops_corners, mainiacjoe_overflow_alcove_2, uniq_grinder,
          uniq_ijyb
D:4:      layout_basic, serial_shops, nicolae_square_shop
D:5:      layout_layer_cave, kennysheep_path_1, uniq_sigmund
D:6:      layout_loops_corners, serial_bayou_lagoon_b
D:7:      layout_loops_cross, nicolae_ru_sacrificial_ziggurat,
          nicolae_overflow_hallway_of_the_gods, minmay_temple_entry_sparse_star
D:8:      layout_basic, serial_bayou, serial_bayou_crossing,
          serial_bayou_lagoon_a, serial_bayou_shore_a, serial_bayou_pond_c,
          minmay_quadrilaterals
Temple:   nicolae_temple_hex_pool

Skill      XL: |  1  2  3  4  5  6  7  8  9 10 |
---------------+-------------------------------+-----
Axes           | 3 4 6 7 8 9 11 | 11.6
Throwing       | 3 5 7 8 |  8.6
Fighting       | |  3.0
Armour         | |  1.7
Dodging        | |  1.7

Action                   |  1- 3 |  4- 6 |  7- 9 | 10-12 || total
-------------------------+-------+-------+-------+-------++-------
Melee: Hand axe          |    83 |   116 |    56 |       ||   255
       Punch             |     2 |     2 |     3 |       ||     7
       Short sword       |       |       |     2 |       ||     2
       Touch             |       |       |    17 |     5 ||    22
       Broad axe         |       |       |    91 |    31 ||   122
Throw: Dart              |       |     4 |    67 |     4 ||    75
       Javelin           |       |       |     2 |       ||     2
Invok: Berserk           |     4 |     4 |     8 |     3 ||    19
       Trog's Hand       |     1 |       |     8 |       ||     9
Evoke: Wand              |       |     2 |    11 |     4 ||    17
  Use: Potion            |       |     1 |     5 |       ||     6
       Scroll            |       |       |    11 |       ||    11
 Stab: Paralysed         |       |       |     3 |     2 ||     5
Armor: Scale mail        |    42 |    38 |     1 |       ||    81
       Leather armour    |       |       |    34 |     6 ||    40
Dodge: Dodged            |    51 |    56 |    76 |    13 ||   196

Table legend: (Time is in decaauts)
 A = Elapsed time spent in this place.
 B = Non-inter-level travel time spent in this place.
 C = Inter-level travel time spent in this place.
 D = Time resting spent in this place.
 E = Time spent auto-exploring this place.
 F = Levels seen in this place.
 G = Mean time per level.
                   A        B        C        D        E       F      G
               +--------+--------+--------+--------+--------+-----+--------+
         Total |   9737 |   9541 |    196 |   3715 |   4512 |   9 | 1081.9 |
       Dungeon |   9634 |   9460 |    174 |   3715 |   4442 |   8 | 1204.2 |
        Temple |    103 |     82 |     21 |      0 |     70 |   1 |  103.0 |
               +--------+--------+--------+--------+--------+-----+--------+

Top non-repeatable levels by time:
     D:6: 1456 daAuts
     D:8: 1295 daAuts
     D:2: 1213 daAuts
     D:7: 1175 daAuts
     D:4: 1157 daAuts
     D:5: 1129 daAuts
     D:1: 1129 daAuts
     D:3: 1075 daAuts
  Temple: 103 daAuts
